 Dungeon Crawl Stone Soup version 0.29.1-15-g9cfb28693d (webtiles) character file.

Game seed: 4465725825979524872

55 Anriel the Trooper (level 3, -1/34 HPs)
             Began as a Minotaur Fighter on Mar 9, 2023.
             Slain by an iron imp (8 damage)
             ... summoned by Natasha
             ... on level 2 of the Dungeon.
             The game lasted 00:03:58 (828 turns).

Anriel the Trooper (Minotaur Fighter)                Turns: 828, Time: 00:03:59

Health: -1/34      AC:  6    Str: 22    XL:     3   Next: 67%
Magic:  2/2        EV:  9    Int:  5    God:
Gold:   51         SH:  5    Dex:  9    Spells: 2/2 levels left

rFire   + . .      SeeInvis .   a - +0 flail (elec)
rCold   + . .      Faith    .   c - +1 buckler
rNeg    . . .      Spirit   .   b - +0 scale mail
rPois   .          Reflect  .   (helmet restricted)
rElec   .          Harm     .   m - scarf {rC+ rF+}
rCorr   .          Rampage  .   (no gloves)
Will    .....                   (no boots)
Stlth   ..........              (no amulet)
HPRegen 0.11/turn               (no ring)
MPRegen 0.08/turn               (no ring)

@: no status effects
A: horns 2, retaliatory headbutt
a: no special abilities


You were on level 2 of the Dungeon.
You visited 1 branch of the dungeon, and saw 2 of its levels.

You collected 51 gold pieces.

Inventory:

Hand Weapons
 a - a +0 flail of electrocution (weapon)
Missiles
 j - 4 poisoned darts (quivered)
Armour
 b - a +0 scale mail (worn)
 c - a +1 buckler (worn)
 m - a scarf of resistance (worn)
Scrolls
 k - a scroll of brand weapon
Potions
 d - a potion of might
 g - a potion of flight
 h - a potion of mutation {unknown}


   Skills:
 + Level 4.7 Fighting
 + Level 3.9 Maces & Flails
 - Level 3.6 Armour
 - Level 3.6 Shields


You had 2 spell levels left.
You didn't know any spells.
Your spell library contained the following spells:

 Spells                   Type           Power      Damage    Failure   Level
 Dazzling Flash           Conj/Hex       0%         N/A       99%         3
 Iskenderun's Mystic Bla  Conj/Tloc      0%         2d3       100%        4
 Starburst                Conj/Fire      0%         6d3       100%        6


Dungeon Overview and Level Annotations

Branches:
Dungeon (2/15)

Altars:

Annotations:
D:2 Natasha


Innate Abilities, Weirdness & Mutations

You have a pair of horns on your head.
You reflexively headbutt those who attack you in melee.


Message History

You hit the endoplasm. You headbutt the endoplasm.
You kill the endoplasm!
Found a leather armour.
A rat comes into view.
The rat bites you. The rat bites you but does no damage. The rat bites you.
You barely miss the rat. Your headbutt misses the rat. The rat bites you.
You closely miss the rat. You headbutt the rat.
You kill the rat!
Natasha, Servant of Life and Death comes into view.
Natasha hisses angrily.
Natasha drinks a potion.
Natasha flickers and vanishes!
Deactivating autopickup; reactivate with Ctrl-A.
A bat comes into view.
You closely miss the shadow imp. The shadow imp hits you.
You thump the shadow imp!
The shadow imp is severely wounded.
You block the bat's attack.
You hear some strange, mumbled words.
The shadow imp laughs crazily.
The shadow imp hits you but does no damage.
You hit the shadow imp.
Lightning courses through the shadow imp!
You kill the shadow imp!
The shadow imp disappears in a puff of smoke!
You block the bat's attack.
You hear some strange, mumbled words.
A magic dart appears from out of thin air!
The magic dart hits you.
You closely miss something. Your headbutt misses something.
You block the bat's attack. Something claws you.
The iron imp barely misses you.
You miss something. The bat hits you but does no damage.
You block something's attack. The iron imp hits you.
You closely miss something. Your headbutt misses something.
The bat completely misses you. Something claws you. x2
* * * LOW HITPOINT WARNING * * *
The iron imp hits you!
You die...

#..###..####.#.#
#.......#....#..
^................
................. .####
###.##.#.###..#.#
.....#####.##.#.........
..............#####.####
.##...5.....#######.#
......{@..b.........#
......############..#
.##.. #....######..# ...
#............# ...
#.........#.## ..
#.........#.# .
#.........#.#
..........#.#
#........##.#


You could see an iron imp (summoned) and a bat.

Vanquished Creatures
  3 gnolls (D:2)
  2 ball pythons
  2 bats (D:1)
  2 endoplasms
  A giant cockroach (D:2)
  2 goblins (D:1)
  A hobgoblin (D:1)
  6 kobolds (D:1)
  4 frilled lizards
  5 rats
28 creatures vanquished.

Vanquished Creatures (others)
  4 plants (D:1)
4 creatures vanquished.

Grand Total: 32 creatures vanquished

Notes
Turn   | Place    | Note
-------+----------+-------------------------------------------
     0 | D:1      | Anriel the Minotaur Fighter began the quest for the Orb.
     0 | D:1      | Reached XP level 1. HP: 19/19 MP: 0/0
   220 | D:1      | Reached skill level 4 in Fighting
   220 | D:1      | Reached XP level 2. HP: 26/27 MP: 1/1
   769 | D:2      | Reached XP level 3. HP: 32/34 MP: 2/2
   820 | D:2      | Noticed Natasha
   828 | D:2      | Slain by an iron imp

Illustrated notes

Levels and vault maps discovered:
D:1:      lightli_arrival_noodles, layout_basic, lexackson_kobold_supper
D:2:      layout_basic, serial_shops, nicolae_shop_stone, uniq_natasha

Skill      XL: |  1  2 |
---------------+-------+-----
Fighting       | 4 |  4.7
Maces & Flails | 3 |  3.9
Armour         | |  3.6
Shields        | |  3.6

Action                   || total
-------------------------++-------
Melee: Flail             ||    70
       Headbutt          ||     8
  Use: Scroll            ||     5
Armor: Scale mail        ||    29
Dodge: Dodged            ||    32
Block: Buckler           ||    20
